 Dungeon Crawl Stone Soup version 0.16-a0-3074-gc0bb631 (webtiles) character file.

22 MackTheKnife the Sneak (level 2, -1/14 HPs)
             Began as a Vine Stalker Wanderer on Dec 11, 2014.
             Slain by a hobgoblin (4 damage)
             ... on level 2 of the Dungeon.
             The game lasted 00:02:03 (1193 turns).

MackTheKnife the Sneak (Vine Stalker Wanderer)      Turns: 1193, Time: 00:02:04

Health: -1/14      AC:  3    Str: 11    XL:     2   Next: 91%
Magic:  0/3        EV: 10    Int: 15    God:
Gold:   65         SH:  0    Dex: 13    Spells: 0 memorised, 1 level left

rFire  . . .     SeeInvis .     e - +0 dagger
rCold  . . .     Clarity  .     j - +0 leather armour
rNeg   . . .     SustAb   .     (no shield)
rPois  .         Gourm    .     (no helmet)
rElec  .         Spirit   +     (no cloak)
rCorr  +         Warding  .     (no gloves)
rMut   .         Stasis   .     (no boots)
MR     .....                    g - amulet of resist corrosion
Stlth  ++........               (no ring)
                                (no ring)

@: not resistant to hostile enchantments, unstealthy
A: fangs 2, regeneration 1, magic shield, antimagic bite, no device heal 3, rot
immunity
a: no special abilities


You were on level 2 of the Dungeon.
You were not hungry.

You visited 1 branch of the dungeon, and saw 2 of its levels.

You collected 65 gold pieces.


Innate Abilities, Weirdness & Mutations

You have extremely sharp teeth.
Your natural rate of healing is unusually fast.
When hurt, damage is shared between your health and your magic reserves.
Your bite disrupts and absorbs the magic of your enemies.
Potions and wands cannot restore your health.
You are immune to rotting.


   Skills:
 - Level 1.0 Fighting
   Level 1.0 Polearms
 + Level 4.2 Stealth
   Level 1.0 Shields
   Level 3.0 Air Magic
   Level 2.0 Earth Magic


You had one spell level left.
You didn't know any spells.

Inventory:

Hand weapons
 e - a +0 dagger (weapon)
Armour
 j - a +0 leather armour (worn)
Jewellery
 g - an amulet of resist corrosion (around neck)
Scrolls
 d - a scroll of enchant weapon {unknown}
 h - 2 scrolls of enchant armour {unknown}
 k - a scroll of remove curse {unknown}
 l - a scroll of recharging {unknown}
Potions
 b - 3 potions of curing
 c - a potion of lignification {!q}
 m - a potion of agility {unknown}
Books
 a - a book of Air

   Spells                             Type                      Level
   a - Shock                          Conjuration/Air              1
   b - Swiftness                      Charms/Air                   2
   c - Repel Missiles                 Charms/Air                   2
   d - Flight                         Charms/Air                   3
   e - Static Discharge               Conjuration/Air              3
   f - Lightning Bolt                 Conjuration/Air              5
Comestibles
 f - a bread ration
 i - a slice of pizza

.#... ..#.#......
..#.#......# #.#.#......#
#..........# #
#..g#......#
#.#...#.b....#
.##.#...#......#...
.........gf.).......
.##.#...####.#.#.## #...#
# # #..<# #.##...#
#......#
..####..#####.#.#.
...................
############..#####.#.#.#


You could see a hobgoblin and a bat.


Message History

You hit the hobgoblin but do no damage. The bat misses you.
The hobgoblin hits you.
You closely miss the hobgoblin. The bat closely misses you.
The hobgoblin hits you.
You hit the hobgoblin but do no damage. The bat hits you but does no damage.
The hobgoblin closely misses you.
You closely miss the hobgoblin. The bat hits you but does no damage.
The hobgoblin closely misses you.
You closely miss the bat.
The bat is heavily wounded.
The bat completely misses you. The hobgoblin barely misses you.
You hit the hobgoblin but do no damage. The hobgoblin closely misses you.
The bat hits you but does no damage.
You hit the bat but do no damage.
The bat is heavily wounded.
The bat hits you but does no damage. The bat barely misses you.
The hobgoblin hits you.
* * * LOW HITPOINT WARNING * * *
You barely miss the bat.
The bat is heavily wounded.
The bat closely misses you.
The hobgoblin hits you but does no damage.
You hit the hobgoblin.
The hobgoblin is lightly wounded.
The bat hits you but does no damage. The hobgoblin hits you.
* * * LOW HITPOINT WARNING * * *
You barely miss the bat. You bite the bat, but do no damage.
The bat is heavily wounded.
The bat misses you. The hobgoblin hits you.
You die...

Action                   || total
-------------------------++-------
Melee: Dagger            ||   124
 Stab: Sleeping          ||     2
  Eat: Chunk             ||     1

Vault maps used:
D:1:      dpeg_arrival_concentric_ovals, minmay_statues_item
D:2:      tgw_trog

Notes
Turn   | Place    | Note
--------------------------------------------------------------
     0 | D:1      | MackTheKnife, the Vine Stalker Wanderer, began the quest for the Orb.
     0 | D:1      | MackTheKnife set off with: a book of Air, a potion of curing, a potion of lignification {!q}, a +0 robe, a +0 dagger, a bread ration
     0 | D:1      | Reached XP level 1. HP: 10/10 MP: 1/1
   148 | D:1      | Reached skill level 3 in Stealth
   303 | D:1      | Reached XP level 2. HP: 11/14 MP: 0/3
   650 | D:1      | Reached skill level 4 in Stealth
  1193 | D:2      | Slain by a hobgoblin

Vanquished Creatures
  An ooze (D:1)
  4 bats
  A hobgoblin (D:1)
  3 jackals (D:1)
  A ball python (D:1)
  2 giant cockroaches (D:1)
  A giant newt (D:2)
  2 goblins
  5 kobolds
20 creatures vanquished.
